 Dungeon Crawl Stone Soup version 0.25.1-2-g60ff931df9 (webtiles) character file.

Game seed: 14221825860305019080

264 Johnny the Digger (level 5, -1/38 HPs)
             Began as a Demigod Earth Elementalist on Oct 25, 2020.
             Slain by a scorpion (5 damage)
             ... on level 4 of the Dungeon.
             The game lasted 00:02:46 (4154 turns).

Johnny the Digger (Demigod Earth Elementalist)      Turns: 4154, Time: 00:02:47

Health: -1/38      AC:  6    Str: 11    XL:     5   Next: 66%
Magic:  8/12       EV: 11    Int: 21    God:
Gold:   161        SH:  0    Dex: 16    Spells: 9/10 levels left

rFire    + . .     SeeInvis .   q - +2 mace (holy)
rCold    . . .     Gourm    .   (no shield)
rNeg     . . .     Faith    .   l - +0 ring mail
rPois    .         Spirit   .   (no helmet)
rElec    .         Reflect  .   t - +0 cloak
rCorr    .         Harm     .   (no gloves)
MR       .....                  (no boots)
Stlth    +.........             (no amulet)
HPRegen  0.12/turn              w - ring of protection from fire
MPRegen  0.13/turn              (no ring)

@: lethally poisoned (-1 -> -10), flying
A: high mp 1
a: no special abilities


You were on level 4 of the Dungeon.
You were not hungry.

You visited 1 branch of the dungeon, and saw 4 of its levels.

You collected 161 gold pieces.

Inventory:

Hand Weapons
 e - a +0 dagger
 q - a +2 mace of holy wrath (weapon)
 s - a +3 quarterstaff of chaos
Missiles
 b - 99 stones (quivered)
Armour
 l - a +0 ring mail (worn)
 t - a +0 cloak (worn)
Jewellery
 w - a ring of protection from fire (left hand)
Scrolls
 a - 4 scrolls of blinking {unknown}
 i - a scroll of identify {unknown}
 j - 2 scrolls of magic mapping {unknown}
 k - 2 scrolls of amnesia {unknown}
 m - a scroll of fear {unknown}
 n - a scroll of enchant armour {unknown}
 o - a scroll of remove curse {unknown}
 u - a scroll of teleportation {unknown}
Potions
 f - a potion of flight
 g - 2 potions of curing {unknown}
 h - a potion of lignification {unknown}
 p - a potion of stabbing {unknown}
 r - 2 potions of might {unknown}
 v - a potion of invisibility {unknown}
Comestibles
 c - 3 chunks of flesh
 d - 9 rations


   Skills:
 - Level 1.7 Dodging
 - Level 1.7 Stealth
 + Level 3.3 Spellcasting
   Level 0.8 Transmutations
 * Level 5.2 Earth Magic


You had 9 spell levels left.
You knew the following spells:

 Your Spells              Type           Power        Failure   Level  Hunger
a - Sandblast             Erth           ####..       3%          1    None

Your spell library contained the following spells:

 Spells                   Type           Power        Failure   Level  Hunger
 Passwall                 Tmut/Erth      ###.....     14%         2    ##.....
 Stone Arrow              Conj/Erth      ##....       32%         3    ###....
 Petrify                  Tmut/Erth      ###.....     65%         4    ####...
 Lee's Rapid Deconstruct  Erth           ####......   69%         5    ######.


Dungeon Overview and Level Annotations

Branches:
Dungeon (4/15)
 Temple: D:4-7


Innate Abilities, Weirdness & Mutations

You have an increased reservoir of magic. (+10% MP)


Message History

Unknown command.
Casting: Sandblast (safe; 3% risk of failure)
Confirm with . or Enter, or press ? or * to list all spells.
Aiming: Sandblast (safe; 3% risk of failure)
Press: ? - help, Shift-Dir - straight line, f - scorpion
Aim: a scorpion The blast of sand hits the scorpion.
The scorpion is moderately wounded.
b - 99 stones The scorpion stings you!
* * * LOW HITPOINT WARNING * * *
You are lethally poisoned!
The scorpion poisons you! The orc hits you with a +0 dagger.
* * * LOW HITPOINT WARNING * * *
It was a potion of flight.
You feel very buoyant.
You fly up into the air.
* * * LOW HITPOINT WARNING * * *
You feel sick. The scorpion stings you.
You die...

##.......###
##..........##
.............#
#.............#
#.####.......##
.. ####......##
............##
....#........#
....#.....s@.#
..........o####
.##.......).).#
##.###.......#
#...........#
##......##w.#
#.....#. ...#
#..... . ...#
...... . ...


You could see a scorpion and an orc.

Vanquished Creatures
  An orc priest (D:4)
  Crazy Yiuf (D:2)
  Terence (D:2)
  A hound skeleton (D:4)
  A gnoll (D:2)
  8 adders
  A shadow imp (D:3)
  A worm (D:2)
  3 dart slugs
  2 leopard geckos
  3 orcs
  A ball python (D:2)
  3 giant cockroaches
  12 goblins
  7 hobgoblins
  2 jackals (D:2)
  7 kobolds
  A quokka (D:2)
  7 bats
  6 frilled lizards
  A jackal skeleton (D:4)
  8 rats
78 creatures vanquished.

Notes
Turn   | Place    | Note
-------+----------+-------------------------------------------
     0 | D:1      | Johnny the Demigod Earth Elementalist began the quest for
                  | the Orb.
     0 | D:1      | Reached XP level 1. HP: 14/14 MP: 5/5
    89 | D:1      | Reached skill level 3 in Earth Magic
   484 | D:1      | Reached XP level 2. HP: 7/20 MP: 2/7
  1457 | D:2      | Reached XP level 3. HP: 16/26 MP: 3/9
  2097 | D:2      | Reached skill level 4 in Earth Magic
  2273 | D:2      | Reached XP level 4. HP: 33/33 MP: 5/10
  2461 | D:2      | Noticed Terence
  2466 | D:2      | Killed Terence
  2616 | D:2      | Found an iron altar of Okawaru.
  2987 | D:2      | Found a runed translucent door.
  2988 | D:2      | Noticed Crazy Yiuf
  2994 | D:2      | Killed Crazy Yiuf
  3196 | D:3      | Reached XP level 5. HP: 36/38 MP: 12/12
  3734 | D:3      | Reached skill level 5 in Earth Magic
  4154 | D:4      | Slain by a scorpion

Illustrated notes

Levels and vault maps discovered:
D:1:      minmay_arrival_cross, layout_loops_ring, grunt_decor_cap
D:2:      layout_loops_cross, okawaru_altar_gauntlet_db, uniq_terence,
          uniq_crazy_yiuf_cottage
D:3:      layout_rooms, serial_rivers, chequers_serial_rivers_room_b,
          chequers_serial_rivers_micro_a, chequers_serial_rivers_small_3,
          chequers_serial_rivers_room_a, first_ration, grunt_decor_one_mirror
D:4:      gammafunk_steamed_eel, layout_cave_pools

Skill      XL: |  1  2  3  4  5 |
---------------+----------------+-----
Spellcasting   | 2 3 |  3.3
Earth Magic    | 3 4 5 |  5.2
Dodging        | |  1.7
Stealth        | |  1.7
Transmutations | |  0.8

Action                   |  1- 3 |  4- 6 || total
-------------------------+-------+-------++-------
Melee: Dagger            |    70 |    10 ||    80
       Unarmed           |     3 |       ||     3
       Mace              |       |    54 ||    54
 Cast: Sandblast         |    38 |    42 ||    80
  Use: Potion            |       |     1 ||     1
 Stab: Sleeping          |     2 |     2 ||     4
  Eat: Chunk             |     3 |     7 ||    10
Armor: Robe              |    25 |       ||    25
       Ring mail         |     1 |    47 ||    48
Dodge: Dodged            |    87 |    76 ||   163
